 Dungeon Crawl Stone Soup version 0.26-b1-57-gb162d0664a (webtiles) character file.

Game seed: 13251056709564925812

9125 Delamore the Basher (level 11, -9/63 HPs)
             Began as a Gargoyle Fighter on Jan 8, 2021.
             Was a High Priest of Okawaru.
             Mangled by Sonja
             ... wielding a +2 dagger of distortion
              (13 damage)
             ... on level 1 of the Lair of Beasts.
             The game lasted 00:13:00 (8786 turns).

Delamore the Basher (Gargoyle Fighter)              Turns: 8786, Time: 00:13:01

Health: -9/63      AC: 19    Str: 22    XL:     11   Next: 41%
Magic:  14/14      EV:  8    Int: 10    God:    Okawaru [*****.]
Gold:   1343       SH: 10    Dex:  9    Spells: 10/10 levels left

rFire    . . .     SeeInvis .   F - +4 morningstar (protect)
rCold    . . .     Faith    .   c - +0 kite shield
rNeg     + . .     Spirit   .   a - +0 acid dragon scales
rPois    ∞         Reflect  .   (no helmet)
rElec    +         Harm     .   w - +0 cloak
rCorr    +         Rampage  .   b - +1 pair of gloves "Foguits" {Will+}
Will     +....                  k - +0 pair of boots
Stlth    +.........             x - amulet of regeneration
HPRegen  0.60/turn              j - ring of flight
MPRegen  0.14/turn              C - ring of resist corrosion

@: no status effects
A: negative energy resistance 1, electricity resistance, unbreathing,
petrification resistance, miasma immunity, AC +8
a: Renounce Religion, Evoke Flight, Heroism, Finesse


You were on level 1 of the Lair of Beasts.
You worshipped Okawaru.
Okawaru was extremely pleased with you.
You visited 3 branches of the dungeon, and saw 11 of its levels.
You visited the Abyss 1 time.

You collected 1553 gold pieces.
You spent 210 gold pieces at shops.

Inventory:

Hand Weapons
 F - a +4 morningstar of protection (weapon)
Missiles
 t - 8 javelins
 y - 13 poisoned darts (quivered)
Armour
 a - +0 acid dragon scales (worn)
 b - the +1 pair of gloves "Foguits" (worn) {Will+}
   (You found it on level 8 of the Dungeon)

   It affects your willpower, your defense against some magical effects.
 c - a +0 kite shield (worn)
 k - a +0 pair of boots (worn)
 w - a +0 cloak (worn)
Jewellery
 i - an uncursed ring of flight
 j - a ring of flight (left hand)
 p - an uncursed amulet of reflection
 x - an amulet of regeneration (around neck)
 C - a ring of resist corrosion (right hand)
Wands
 E - a wand of iceblast (1)
 G - a wand of flame (12)
Scrolls
 e - 2 scrolls of immolation {unknown}
 f - 4 scrolls of blinking {unknown}
 l - 9 scrolls of teleportation {unknown}
 o - 5 scrolls of enchant weapon {unknown}
 r - a scroll of magic mapping {unknown}
 u - 5 scrolls of remove curse
 v - a scroll of fog {unknown}
 B - a scroll of silence {unknown}
 D - a scroll of random uselessness {unknown}
 H - 2 scrolls of amnesia {unknown}
Potions
 d - 2 potions of might
 g - a potion of lignification
 h - a potion of attraction
 m - a potion of ambrosia
 n - a potion of haste
 q - 2 potions of mutation
 s - a potion of heal wounds
 z - 5 potions of curing
 A - a potion of resistance


   Skills:
 - Level 5.0 Fighting
 + Level 14.7 Maces & Flails
 + Level 4.4 Throwing
 - Level 3.2 Armour
 - Level 5.0 Shields
 - Level 5.0 Invocations


You had 10 spell levels left.
You didn't know any spells.
Your spell library contained the following spells:

 Spells                   Type           Power        Failure   Level
 Foxfire                  Conj/Fire      0%           87%         1
 Shock                    Conj/Air       0%           87%         1
 Swiftness                Air            0%           95%         2
 Conjure Flame            Conj/Fire      0%           99%         3
 Inner Flame              Hex/Fire       0%           99%         3
 Static Discharge         Conj/Air       0%           99%         3
 Airstrike                Air            0%           100%        4
 Sticky Flame             Conj/Fire      0%           100%        4
 Fireball                 Conj/Fire      0%           100%        5
 Lightning Bolt           Conj/Air       0%           100%        5


Dungeon Overview and Level Annotations

Branches:
Dungeon (9/15)             Temple (1/1) D:4            Lair (1/6) D:9
    Orc: D:9-12

Altars:
Ashenzari
Cheibriados
Dithmenos
Elyvilon
Fedhas
Gozag
Hepliaklqana
Kikubaaqudgha
Makhleb
Nemelex Xobeh
Okawaru
Qazlal
Ru
Sif Muna
Trog
Uskayaw
Vehumet
Wu Jian
Xom
Yredelemnul
Zin
The Shining One

Shops:
D:4 }   D:7 (

Annotations:
D:3 3 runed translucent doors, Sneforious's ghost, amateur HOWn
D:7 2 transporters
Lair:1 Sonja


Innate Abilities, Weirdness & Mutations

You are resistant to torment.
Your stone body is resilient. (AC +8)
You are immune to poison.
You resist negative energy. (rN+)
You are resistant to electric shocks. (rElec)
You can survive without breathing.
You are immune to petrification.
You are immune to miasma.


Message History

You hit Sonja.
Your weapon exudes an aura of protection.
Sonja is lightly wounded.
Sonja hits you but does no damage. Space warps horribly around you!
Sonja hits you but does no damage.
You blink.
Sonja is nearby!
You throw a poisoned dart. The poisoned dart barely misses Sonja.
You throw a poisoned dart. The poisoned dart closely misses Sonja.
You throw a poisoned dart. The poisoned dart misses Sonja.
You throw a poisoned dart. The poisoned dart hits Sonja!
Sonja is poisoned.
Sonja is lightly wounded.
Sonja hits you but does no damage. Space warps horribly around you!!
You block Sonja's attack. Sonja barely misses you.
You completely miss Sonja.
Sonja is lightly wounded.
Sonja barely misses you. Sonja hits you but does no damage.
Space warps horribly around you!
* * * LOW HITPOINT WARNING * * *
Sonja hits you but does no damage. Space warps horribly around you!
You die...

#..#####.§.# .......
...........# .......
...........#
.....#.####.........####
..P.....#.............
#.......#..........^..
..#...................
#.#.....#.............
#.#..@..#.............
#.#.K...#..D†#####.###
#.#.....#....#.......
#<...................#
##(......#....#.......#
##..###.+##............#
#.#...>........#.......
#...(..>...................
#...####..#.#####..#.......


You could see Sonja (very poisoned).

Vanquished Creatures
  A hydra (D:8)
  A two-headed ogre (D:8)
  Erica (D:8)
  The ghost of passata the Magician, a novice DECj of Sif Muna (D:7)
  A moth of wrath (D:7)
  2 cane toads (D:9)
  Maggie (D:8)
  A komodo dragon (D:9)
  A hornet (D:7)
  A large abomination (Abyss:1)
  2 orc warriors (D:9)
  2 ice beasts
  8 black bears
  3 sky beasts
  2 phantoms (D:5)
  A necrophage (D:9)
  2 ogres
  3 wolves (D:9)
  2 centaurs
  7 bullfrogs
  A gnoll sergeant (D:8)
  4 scorpions
  A water moccasin skeleton (D:4)
  6 killer bees
  5 wights (D:6)
  2 howler monkeys
  An electric eel (D:6)
  6 orc priests
  2 bullfrog skeletons
  7 hounds
  2 jellies
  5 orc wizards
  2 iguanas (D:5)
  10 worker ants
  A hound zombie (D:7)
  A hound skeleton (D:5)
  A howler monkey zombie (D:5)
  10 gnolls
  A howler monkey skeleton (D:7)
  16 adders
  2 white imps
  An ufetubus (D:9)
  4 oozes
  3 adder skeletons
  3 worms
  A dart slug (D:1)
  4 leopard geckos
  35 orcs
  3 ball pythons
  4 bats
  4 giant cockroaches
  5 hobgoblins
  10 jackals
  4 kobolds
  9 quokkas
  5 frilled lizards
  7 goblins
  A quokka skeleton (D:4)
  7 rats
239 creatures vanquished.

Vanquished Creatures (others)
  14 fungi (D:9)
  16 plants
  6 withered plants (D:3)
36 creatures vanquished.

Grand Total: 275 creatures vanquished

Notes
Turn   | Place    | Note
-------+----------+-------------------------------------------
     0 | D:1      | Delamore the Gargoyle Fighter began the quest for the Orb.
     0 | D:1      | Reached XP level 1. HP: 14/14 MP: 1/1
   228 | D:1      | Reached XP level 2. HP: 19/19 MP: 2/2
   806 | D:2      | Found an ornate altar of the Wu Jian Council.
   915 | D:2      | Reached XP level 3. HP: 19/24 MP: 3/3
  1606 | D:3      | Found a runed translucent gate.
  1613 | D:3      | Found a runed translucent gate.
  1620 | D:3      | Found a runed translucent gate.
  1620 | D:3      | Noticed Sneforious's ghost (amateur HOWn)
  1620 | D:3      | Noticed Sneforious's ghost (amateur HOWn)
  1640 | D:3      | Reached XP level 4. HP: 29/29 MP: 4/4
  1671 | D:3      | Reached skill level 3 in Maces & Flails
  1902 | D:3      | Reached XP level 5. HP: 28/34 MP: 5/5
  2392 | D:3      | Reached XP level 6. HP: 24/40 MP: 6/6
  2725 | D:4      | Reached skill level 5 in Fighting
  2725 | D:4      | Reached skill level 4 in Maces & Flails
  2725 | D:4      | Reached skill level 5 in Shields
  2817 | D:4      | Found a hazy altar of Hepliaklqana.
  2828 | D:4      | Found a staircase to the Ecumenical Temple.
  2863 | Temple   | Entered the Ecumenical Temple
  2986 | Temple   | Became a worshipper of Warmaster Okawaru
  3127 | D:4      | Reached skill level 5 in Maces & Flails
  3198 | D:5      | Entered Level 5 of the Dungeon
  3436 | D:4      | Reached XP level 7. HP: 28/44 MP: 7/7
  3613 | D:4      | Reached skill level 6 in Maces & Flails
  3703 | D:4      | Found Axken's Gadget Boutique.
  4127 | D:5      | Reached skill level 7 in Maces & Flails
  4180 | D:5      | Reached * piety under Okawaru
  4183 | D:5      | Reached XP level 8. HP: 46/49 MP: 8/8
  4289 | D:5      | Reached skill level 8 in Maces & Flails
  4378 | D:5      | Identified a scroll of acquirement
  4379 | D:5      | Acquired 1014 gold pieces
  4525 | D:5      | Reached skill level 9 in Maces & Flails
  4752 | D:6      | Reached ** piety under Okawaru
  4772 | D:6      | Found a bloodstained altar of Trog.
  4830 | D:6      | Found a broken altar of Ashenzari.
  4900 | D:6      | Reached skill level 10 in Maces & Flails
  4914 | D:6      | Reached XP level 9. HP: 46/54 MP: 9/9
  5324 | D:6      | Reached skill level 11 in Maces & Flails
  5586 | D:7      | Noticed a hornet
  5605 | D:7      | Killed a hornet
  5605 | D:7      | Reached *** piety under Okawaru
  5737 | D:7      | Noticed a tengu conjurer
  5738 | D:7      | Found a transporter.
  5738 | D:7      | Found an ancient bone altar of Kikubaaqudgha.
  5739 | D:7      | Noticed a manticore
  5754 | D:7      | Found a transporter.
  5877 | D:7      | Found a glowing golden altar of the Shining One.
  5955 | D:7      | Reached skill level 12 in Maces & Flails
  5987 | D:7      | Found a transporter.
  5991 | D:7      | Noticed passata's ghost (novice DECj)
  5993 | D:7      | Noticed a moth of wrath
  6004 | D:7      | Found a transporter.
  6070 | D:7      | Killed a moth of wrath
  6085 | D:7      | Reached **** piety under Okawaru
  6098 | D:7      | Reached XP level 10. HP: 40/59 MP: 10/10
  6121 | D:7      | Killed passata's ghost
  6122 | D:7      | Reached skill level 13 in Maces & Flails
  6314 | D:7      | Found Ekhlowky's Antique Weapon Shop.
  6317 | D:7      | Bought a runed morningstar for 210 gold pieces
  6467 | D:8      | Noticed Maggie
  6511 | D:8      | Killed Maggie
  6551 | D:8      | Found a shadowy altar of Dithmenos.
  6715 | D:8      | Got a pair of faintly humming gloves
  6721 | D:8      | Identified the +1 pair of gloves "Foguits" {Will+} (You
                  | found it on level 8 of the Dungeon)
  6777 | D:8      | Noticed Erica
  6784 | D:8      | Killed Erica
  6784 | D:8      | Received a gift from Okawaru
  6785 | D:8      | Reached skill level 14 in Maces & Flails
  7008 | D:8      | Noticed a two-headed ogre
  7018 | D:8      | Killed a two-headed ogre
  7019 | D:8      | Reached skill level 1 in Throwing
  7507 | D:9      | Reached ***** piety under Okawaru
  7528 | D:9      | Received a gift from Okawaru
  7575 | D:9      | Reached XP level 11. HP: 57/63 MP: 13/13
  7840 | D:9      | Found a glowing silver altar of Zin.
  7870 | D:9      | Found a staircase to the Lair.
  8041 | Lair:1   | Entered Level 1 of the Lair of Beasts
  8118 | Lair:1   | Noticed Sonja
  8120 | Lair:1   | Noticed a four-headed hydra
  8183 | D:9      | Received a gift from Okawaru
  8291 | D:8      | Killed a four-headed hydra
  8436 | D:9      | Reached skill level 5 in Invocations
  8458 | Lair:1   | Cast into level 1 of the Abyss (Sonja)
  8518 | Abyss:1  | Found a corrupted altar of Lugonu.
  8528 | Abyss:1  | Found an iron altar of Okawaru.
  8575 | Abyss:1  | Noticed a bone dragon
  8595 | Lair:1   | Escaped the Abyss
  8786 | Lair:1   | Mangled by Sonja

Illustrated notes

Levels and vault maps discovered:
D:1:      onia_arrival_mini_maze_b, layout_basic, serial_glass, glass_columns_c,
          glass_columns_b
D:2:      layout_basic, old_standard_altar, minmay_misc_feat_nine_boxes
D:3:      layout_basic, gammafunk_ghost_cemetery
D:4:      layout_loops_ring, lemuel_crystal_altar, temple_pool_b, serial_shops,
          nicolae_shop_competitors_out_of_business
D:5:      layout_rooms
D:6:      layout_loops_ring, kennysheep_little_box, trog_ov_bears_minmay,
          minivault_14, serial_bayou_pond_c
D:7:      black_bear_nest_1, layout_loops_ring, kennysheep_mini_moat,
          gammafunk_temple_overflow_arena, gammafunk_ghost_berserking_beasts,
          serial_shops, kennysheep_mini
D:8:      layout_loops_ring, basic_altar, uniq_erica, uniq_maggie
D:9:      layout_basic, grunt_lair_entry_orc_guard_hut, basic_altar
Temple:   nicolae_temple_elliptical
Lair:1:   layout_chaotic_city, uniq_sonja

Skill      XL: |  1  2  3  4  5  6  7  8  9 10 11 |
---------------+----------------------------------+-----
Fighting       | 4 5 |  5.0
Shields        | 4 5 |  5.0
Maces & Flails | 3 5 7 10 12 14 | 14.7
Throwing       | 2 4 |  4.4
Invocations    | 3 5 |  5.0
Armour         | |  3.2

Action                   |  1- 3 |  4- 6 |  7- 9 | 10-12 || total
-------------------------+-------+-------+-------+-------++-------
Melee: Flail             |   115 |   218 |   298 |       ||   631
       Whip              |       |       |   261 |    26 ||   287
       Morningstar       |       |       |       |   251 ||   251
Throw: Dart              |       |       |     4 |     9 ||    13
Invok: Heroism           |       |       |     1 |     1 ||     2
  Use: Scroll            |       |       |     7 |     3 ||    10
       Potion            |       |       |       |     1 ||     1
Armor: Scale mail        |    65 |   130 |     6 |       ||   201
       Ring mail         |       |       |   223 |     8 ||   231
       Acid dragon scale |       |       |       |   154 ||   154
Dodge: Dodged            |    48 |    58 |   151 |    73 ||   330
Block: Kite shield       |    53 |   203 |   271 |   169 ||   696
       Reflection        |       |     2 |       |       ||     2
